 Dungeon Crawl Stone Soup version 0.32-a0-898-g7811c86 (webtiles) character file.

Game seed: 17217311424077281533

21017 sirjones the Skirmisher (level 12, -7/97 HPs)
             Began as a Coglin Hunter on Apr 4, 2024.
             Was a High Priest of Okawaru.
             Mangled by an enormous slime creature (60 damage)
             ... on level 12 of the Dungeon.
             The game lasted 00:28:22 (13169 turns).

sirjones the Skirmisher (Coglin Hunter)            Turns: 13169, Time: 00:28:22

Health: -7/97      AC: 14    Str: 15    XL:     12   Next: 85%
Magic:  11/12      EV: 19    Int: 11    God:    Okawaru [*****.]
Gold:   517        SH:  0    Dex: 19    Spells: 8/11 levels left

rFire   . . .        F - +5 orcbow of Honour {heavy, +Blink rPois rC+ Stlth+}
rCold   + . .        (shield currently unavailable)
rNeg    . . .        g - +0 acid dragon scales
rPois   +            i - +2 hat
rElec   .            v - +0 cloak
rCorr   +            (no gloves)
SInv    .            H - +0 pair of boots
Will    .....        (amulet unavailable)
Stlth   ++++         (ring unavailable)
HPRegen 0.36/turn    (ring unavailable)
MPRegen 0.13/turn    (no gizmo)

%: no passive effects
@: heroic, revved
A: off-hand wielding, slow wielding, warmup strikes, no jewellery, low MP 1,
strong 1
a: Invent Gizmo, Renounce Religion, Evoke Blink, Heroism, Finesse, Duel


You were on level 12 of the Dungeon.
You worshipped Okawaru.
Okawaru was extremely pleased with you.
You visited 2 branches of the dungeon, and saw 13 of its levels.
You also visited: Sewer and Ossuary.

You collected 802 gold pieces.
You spent 285 gold pieces at shops.

Inventory:

Hand Weapons
 a - a +5 sling of freezing {Septimus}
 d - a +0 sling {Dalbir}
 m - the +3 orcbow of Kamn {drain, *Slow rElec Will++ SInv}
   (You took it off an orc on level 8 of the Dungeon)

   rElec:     It insulates you from electricity.
   Will++:    It greatly increases your willpower.
   SInv:      It lets you see invisible.
   *Slow:     It may slow you when you take damage.
 F - the +5 orcbow of Honour (weapon) {heavy, +Blink rPois rC+ Stlth+}
   (You bought it in a shop on level 2 of the Dungeon)

   rC+:       It protects you from cold.
   rPois:     It protects you from poison.
   +Blink:    It lets you blink.
   Stlth+:    It makes you more stealthy.
Missiles
 r - 15 curare-tipped darts
Armour
 g - +0 acid dragon scales (worn)
 i - a +2 hat (worn)
 j - a +1 troll leather armour {Pargi}
 v - a +0 cloak (worn)
 x - +0 steam dragon scales
 H - a +0 pair of boots (worn)
 I - the +5 robe of Night {Dark Will+ SInv}
   (You found it on level 10 of the Dungeon)

   Dark:      It shrouds the wearer in darkness, reducing the range at which
   they can see and be seen by others.
   Will+:     It increases your willpower.
   SInv:      It lets you see invisible.
Wands
 b - a wand of iceblast (11)
 e - a wand of flame (35)
 l - a wand of mindburst (40)
 y - a wand of polymorph (7)
 E - a wand of digging (4)
Scrolls
 c - a scroll of fog
 f - 3 scrolls of identify
 h - 3 scrolls of blinking
 t - 2 scrolls of enchant armour
 u - 4 scrolls of vulnerability
 w - 2 scrolls of fear
 C - 2 scrolls of noise
 G - a scroll of poison
Potions
 k - a potion of berserk rage
 n - 6 potions of curing
 o - 6 potions of brilliance
 p - 2 potions of resistance
 s - 6 potions of lignification
 z - a potion of might
 A - a potion of attraction
 B - a potion of invisibility


   Skills:
 + Level 9.7(14.7) Fighting
 + Level 12.6(17.6) Ranged Weapons
 + Level 8.6(13.6) Armour
 + Level 8.9(13.9) Dodging
 - Level 0.7(5.7) Stealth
 * Level 2.1 Invocations


You had 8 spell levels left.
You knew the following spells:

 Your Spells              Type           Power      Damage    Failure   Level
a - Volatile Blastmotes   Fire/Tloc      0%         2d10      80%         3

Your spell library contained the following spells:

 Spells                   Type           Power      Damage    Failure   Level
 Kiss of Death            Conj/Necr      0%         2d5       41%         1
 Magic Dart               Conj           0%         1d3       41%         1
 Slow                     Hex            0%         N/A       41%         1
 Mercury Vapours          Alch/Air       0%         N/A       56%         2
 Searing Ray              Conj           0%         2d4       56%         2
 Sublimation of Blood     Necr           0%         N/A       56%         2
 Confusing Touch          Hex            0%         N/A       80%         3
 Frozen Ramparts          Ice            0%         1d1       80%         3
 Ozocubu's Armour         Ice            0%         N/A       80%         3
 Passwall                 Erth           0%         N/A       80%         3
 Vampiric Draining        Necr           0%         2d6       80%         3
 Dispel Undead            Necr           0%         3d6       99%         4
 Fulminant Prism          Conj/Alch      0%         3d5       99%         4
 Petrify                  Alch/Erth      0%         N/A       99%         4
 Vhi's Electric Charge    Tloc/Air       0%         N/A       99%         4
 Irradiate                Conj/Alch      0%         3d11      100%        5
 Metabolic Englaciation   Hex/Ice        0%         N/A       100%        5
 Silence                  Hex/Air        0%         N/A       100%        5
 Bombard                  Conj/Erth      0%         9d1       100%        6
 Conjure Ball Lightning   Conj/Air       0%         3x3d6     100%        6
 Chain Lightning          Conj/Air       0%         N/A       100%        9
 Fire Storm               Conj/Fire      0%         5d1       100%        9
 Shatter                  Erth           0%         3d5*      100%        9


Dungeon Overview and Level Annotations

Branches:
Dungeon (12/15)            Temple (1/1) D:4            Lair (0/5) D:10
    Orc (0/2) D:10          Sewer (visited)         Ossuary (visited)

Altars:
Ashenzari
Cheibriados
Dithmenos
Elyvilon
Fedhas
Gozag
Hepliaklqana
Kikubaaqudgha
Makhleb
Nemelex Xobeh
Okawaru
Qazlal
Ru
Sif Muna
Trog
Uskayaw
Vehumet
Wu Jian
Xom
Yredelemnul
Zin
The Shining One

Shops:
D:2 (   D:4 *   D:8 *(*(


Innate Abilities, Weirdness & Mutations

You can wield a second weapon in your off-hand.
It takes a long time for you to wield or remove held weapons.
Your first few attacks do less damage.
You cannot equip rings or amulets.
Your magical capacity is low. (-10% MP)
Your muscles are strong. (Str +4, Int/Dex -1)


Message History

* * * LOW HITPOINT WARNING * * *
Two slime creatures merge to form a very large slime creature.
Two slime creatures merge to form an enormous slime creature.
The slime creature hits you but does no damage.
You feel much better. The slime creature barely misses you.
Fire: F) +5 orcbow of Honour {heavy, +Blink rPois rC+ Stlth+}
Press: ? - help, Q - select action, (/) - cycle Shift-Dir - straight line, f - slime creature
Aim: a slime creature (heavily wounded, 86% to hit)
You shoot an arrow. The arrow hits the slime creature!!
The slime creature is severely wounded.
The slime creature hits you.
You gain the combat prowess of a mighty hero.
The slime creature completely misses you.
Unknown command.
You shoot an arrow. The arrow hits the slime creature!!
You kill the slime creature!
Okawaru accepts your kill.
You shoot an arrow.
The arrow hits the enormous slime creature!!!
The enormous slime creature is heavily wounded.
The enormous slime creature closely misses you.
Unknown command.
You shoot an arrow.
The arrow hits the enormous slime creature!!
The enormous slime creature is severely wounded.
The enormous slime creature barely misses you.
You shoot an arrow.
The arrow hits the enormous slime creature.
The enormous slime creature is severely wounded.
The enormous slime creature barely misses you.
You shoot an arrow.
The arrow hits the enormous slime creature!!
The enormous slime creature is severely wounded.
The enormous slime creature barely misses you.
You shoot an arrow.
The arrow hits the enormous slime creature!!
The enormous slime creature is almost dead.
The enormous slime creature hits you!!!
Ouch! That really hurt!
You die...

#....
#..<...####
######
#..........
#....##..#
#..#..##.
#.##...#
...##.#.# #
###.####.#.#
##'# #.#.#
##...# #@#.#
##=....##J#.#
#.......#.#.#
........#.# #
.......J.'#
.......J.##
#.......##
##.....##
##...#


You could see an enormous slime creature.

Vanquished Creatures
  Erolcha (D:10)
  A boulder beetle (D:11)
  3 two-headed ogres
  Pikel (D:6)
  A cyclops (D:11)
  Maurice (D:7)
  2 unseen horrors
  A rime drake (D:10)
  Jeremiah (D:7)
  3 kobold demonologists
  Psyche (D:10)
  2 tengu conjurers (D:8)
  2 polar bears (D:10)
  2 trolls (D:8)
  4 dream sheep (D:10)
  Grinder (D:3)
  8 slime creatures
  3 shadows
  2 wraiths
  Sigmund (D:5)
  2 wyverns (D:11)
  14 yaks
  6 steam dragons
  A warg (D:10)
  Menkaure (D:7)
  An acid dragon (D:8)
  2 water moccasins
  Pargi (Sewer)
  An orc warrior (D:9)
  3 sky beasts (D:7)
  12 ice beasts
  A black bear (D:6)
  3 wolves (D:10)
  14 centaurs
  2 ogres (D:5)
  8 kobold brigands
  A weeping skull (Ossuary)
  A brain worm (Sewer)
  2 gnoll sergeants
  A bullfrog (D:8)
  6 scorpions
  2 elf skeletons (D:4)
  3 water moccasin zombies (Ossuary)
  4 wights (D:6)
  9 killer bees
  6 howler monkeys
  A jelly (D:7)
  9 hounds
  Crazy Yiuf (D:2)
  3 orc priests
  A spectral scorpion (Ossuary)
  A human skeleton (D:4)
  A sleepcap (D:5)
  Natasha (thrice) (D:3)
  3 iguanas
  5 orc wizards
  A crocodile zombie (Ossuary)
  2 mummies (Ossuary)
  8 adders
  11 gnolls
  2 shadow imps
  2 white imps (D:6)
  6 ufetubi
  8 adder zombies (Ossuary)
  4 ribbon worms
  3 dart slugs
  22 orcs
  4 ball pythons
  4 bats
  9 endoplasms
  10 giant cockroaches
  8 gnoll zombies (Ossuary)
  5 hobgoblins
  6 jackals (D:3)
  42 kobolds
  2 quokkas
  6 frilled lizards
  7 goblins
  A jackal zombie (Ossuary)
  2 orc skeletons (D:4)
  3 orc zombies
  11 rats
365 creatures vanquished.

Notes
Turn   | Place    | Note
-------+----------+-------------------------------------------
     0 | D:1      | sirjones the Coglin Hunter began the quest for the Orb.
     0 | D:1      | Reached XP level 1. HP: 16/16 MP: 1/1
    97 | D:2      | Reached XP level 2. HP: 22/22 MP: 2/2
   257 | D:4      | Reached skill level 4 in Ranged Weapons
   257 | D:4      | Reached skill level 1 in Armour
   257 | D:4      | Reached XP level 3. HP: 28/28 MP: 3/3
   352 | D:4      | Reached XP level 4. HP: 32/34 MP: 4/4
   361 | D:4      | Found a staircase to the Ecumenical Temple.
   463 | D:4      | Reached XP level 5. HP: 36/40 MP: 5/5
   680 | D:4      | Found Zisenunt's General Store.
   685 | D:4      | Bought a scroll of identify for 24 gold pieces
   695 | D:4      | Found a broken altar of Ashenzari.
   861 | D:4      | Reached XP level 6. HP: 24/47 MP: 6/6
   888 | D:4      | Reached skill level 5 in Ranged Weapons
   918 | D:4      | Gained mutation: You are vulnerable to heat. (rF-) [potion
                  | of mutation]
   918 | D:4      | HP: 2/47 [elf skeleton (4)]
   923 | D:4      | Found a sand-covered staircase.
   929 | Ossuary  | Entered an ossuary
  1222 | Ossuary  | Reached XP level 7. HP: 30/53 MP: 7/7
  1643 | Temple   | Entered the Ecumenical Temple
  1766 | D:4      | Reached skill level 6 in Ranged Weapons
  2156 | D:5      | Entered Level 5 of the Dungeon
  2387 | D:5      | Noticed Sigmund
  2397 | D:5      | Killed Sigmund
  2398 | D:5      | Reached XP level 8. HP: 53/61 MP: 8/8
  2730 | D:5      | Found a glowing drain.
  2769 | D:5      | Reached skill level 7 in Ranged Weapons
  2770 | Sewer    | Entered a sewer
  2823 | Sewer    | Reached skill level 5 in Fighting
  2856 | Sewer    | Noticed Pargi
  2867 | Sewer    | Killed Pargi
  3250 | D:1      | Found a faded altar of an unknown god.
  3839 | D:2      | Found Catyal's Antique Weapon Shoppe.
  4010 | D:2      | Found a runed translucent door.
  4011 | D:2      | Noticed Crazy Yiuf
  4635 | D:3      | Found an iron altar of Okawaru.
  4644 | D:3      | Became a worshipper of Warmaster Okawaru
  4730 | D:2      | Killed Crazy Yiuf
  4887 | D:3      | Noticed Grinder
  4895 | D:3      | Paralysed by Grinder for 2 turns
  4900 | D:3      | Paralysed by Grinder for 4 turns
  4907 | D:3      | Killed Grinder
  4908 | D:3      | Reached XP level 9. HP: 58/68 MP: 9/9
  4980 | D:3      | Noticed Natasha
  4985 | D:3      | Killed Natasha
  4986 | D:3      | Reached skill level 5 in Dodging
  4992 | D:3      | Noticed Natasha
  4995 | D:3      | Killed Natasha
  5121 | D:3      | Noticed Natasha
  5127 | D:3      | Killed Natasha
  5210 | D:3      | Lost mutation: You are vulnerable to heat. (rF-) [potion of
                  | mutation]
  5210 | D:3      | Gained mutation: Potions are less effective at restoring
                  | your health. [potion of mutation]
  5210 | D:3      | Gained mutation: You are clumsy. (Dex -2) [potion of
                  | mutation]
  5211 | D:3      | Lost mutation: You are clumsy. (Dex -2) [potion of
                  | mutation]
  5211 | D:3      | Lost mutation: Potions are less effective at restoring your
                  | health. [potion of mutation]
  5211 | D:3      | Gained mutation: You expend magic power (3 MP) to
                  | strengthen your wands. [potion of mutation]
  5211 | D:3      | Gained mutation: You are frail. (-10% HP) [potion of
                  | mutation]
  5212 | D:3      | Lost mutation: You are frail. (-10% HP) [potion of
                  | mutation]
  5212 | D:3      | Lost mutation: You expend magic power (3 MP) to strengthen
                  | your wands. [potion of mutation]
  5212 | D:3      | Gained mutation: Your magical capacity is low. (-10% MP)
                  | [potion of mutation]
  5212 | D:3      | Gained mutation: Your muscles are strong. (Str +4, Int/Dex
                  | -1) [potion of mutation]
  5627 | D:6      | Reached skill level 8 in Ranged Weapons
  5637 | D:6      | Reached * piety under Okawaru
  5727 | D:6      | Reached skill level 5 in Armour
  6461 | D:6      | Noticed Pikel
  6467 | D:6      | Killed Pikel
  6533 | D:7      | Noticed Menkaure
  6535 | D:7      | Killed Menkaure
  6536 | D:7      | Reached XP level 10. HP: 77/77 MP: 9/9
  6541 | D:7      | Reached ** piety under Okawaru
  6562 | D:7      | Reached skill level 9 in Ranged Weapons
  6921 | D:7      | Noticed Maurice
  6941 | D:7      | Something stole 361 gold
  6943 | D:7      | Something stole a curare-tipped dart
  6963 | D:7      | Killed Maurice
  6963 | D:7      | Reached *** piety under Okawaru
  7144 | D:7      | Noticed Jeremiah
  7168 | D:7      | Killed Jeremiah
  7633 | D:8      | Identified the +9 falchion of Feral Indomitability {vamp,
                  | Dex+5}
  7633 | D:8      | Noticed a kobold demonologist
  7637 | D:8      | Identified the +3 orcbow of Kamn {drain, *Slow rElec Will++
                  | SInv}
  7648 | D:8      | Reached skill level 10 in Ranged Weapons
  7657 | D:8      | Identified the +1 flail of Actus Reus {pain, rF+ rC+}
  7657 | D:8      | Identified the ring "Jinn" {rC+ Str+6 Stlth+}
  7683 | D:8      | Killed a kobold demonologist
  7684 | D:8      | Reached XP level 11. HP: 41/84 MP: 9/9
  7686 | D:8      | Reached **** piety under Okawaru
  7898 | D:8      | Identified the +2 hand axe "Timoquza" {heavy, rPois rC+}
  7902 | D:8      | Got the Precepts of the Sky
  7907 | D:8      | Learned a level 3 spell: Volatile Blastmotes
  8084 | D:8      | Found Farrakox's Weapon Shoppe.
  8091 | D:8      | Found Dagras's Antique Weapon Shoppe.
  8092 | D:8      | Found Zin's Purification Station.
  8105 | D:8      | Found Ibuelale's General Store.
  8105 | D:8      | Noticed a +0 short sword
  8105 | D:8      | Noticed a +0 spear
  8105 | D:8      | Noticed a +0 dagger
  8109 | D:8      | Noticed a +0 short sword
  8110 | D:8      | Noticed a +0 falchion
  8110 | D:8      | Noticed a +0 spear
  8115 | D:8      | Noticed a +0 falchion
  8179 | D:8      | Noticed a +0 dagger
  8186 | D:8      | Found a hide-covered altar of Uskayaw.
  8201 | D:8      | Found a glowing silver altar of Zin.
  8204 | D:8      | Bought a potion of curing for 90 gold pieces
  8211 | D:8      | Found Tocitil's Assorted Antiques.
  8231 | D:8      | Bought a cyan potion for 18 gold pieces
  8977 | D:9      | Noticed a two-headed ogre
  8982 | D:9      | Killed a two-headed ogre
  8983 | D:9      | Reached skill level 11 in Ranged Weapons
  9482 | D:9      | Found a basalt altar of Yredelemnul.
  9801 | D:2      | Bought a smoking orcbow for 153 gold pieces
  9801 | D:2      | Identified the +5 orcbow of Honour {heavy, +Blink rPois rC+
                  | Stlth+} (You bought it in a shop on level 2 of the Dungeon)
 10017 | D:10     | Entered Level 10 of the Dungeon
 10273 | D:10     | Reached ***** piety under Okawaru
 10340 | D:10     | Found a staircase to the Orcish Mines.
 10427 | D:10     | Noticed Erolcha
 10431 | D:10     | Killed Erolcha
 10432 | D:10     | Reached XP level 12. HP: 94/94 MP: 10/10
 10801 | D:10     | Noticed Psyche
 10808 | D:10     | Killed Psyche
 10814 | D:10     | Found a staircase to the Lair.
 11154 | D:10     | Reached skill level 12 in Ranged Weapons
 11304 | D:10     | Found the +5 robe of Night {Dark Will+ SInv}
 11621 | D:11     | Noticed a two-headed ogre
 11627 | D:11     | Killed a two-headed ogre
 11627 | D:11     | Received a gift from Okawaru
 11731 | D:11     | Noticed a two-headed ogre
 11837 | D:11     | Noticed a two-headed ogre
 11843 | D:11     | Killed a two-headed ogre
 11981 | D:11     | Noticed a sun demon
 12245 | D:11     | Noticed Sonja
 12246 | D:11     | Sonja changed into Sonja the water moccasin
 12246 | D:11     | Noticed Sonja
 12249 | D:11     | Killed Sonja the water moccasin
 12330 | D:11     | Noticed a boulder beetle
 12601 | D:11     | Killed a boulder beetle
 12602 | D:11     | Reached skill level 1 in Invocations
 13169 | D:12     | Mangled by an enormous slime creature

Illustrated notes

Levels and vault maps discovered:
D:1:      heliophobic_arrival_ceremonial_halls, layout_basic,
          ebering_ecumenical_altar_webs, minmay_misc_feat_alley
D:2:      layout_loops_ring, serial_shops, nicolae_shop_back_alley_shop,
          uniq_crazy_yiuf_cottage
D:3:      layout_basic, mainiacjoe_overflow_six_doors_small, uniq_grinder,
          uniq_natasha
D:4:      layout_loops_ring, ashenzari_altar_1, temple_pool_b, serial_aquarium,
          aquarium_bridge_island_small [aquarium_subvault_small_open,
          aquarium_subvault_window, aquarium_subvault_window,
          aquarium_subvault_bridge, aquarium_subvault_bridge],
          aquarium_bridge_long_joined [aquarium_subvault_bridge,
          aquarium_subvault_bridge, aquarium_subvault_bridge,
          aquarium_subvault_bridge, aquarium_subvault_window,
          aquarium_subvault_wall], aquarium_window_2, aquarium_window_fake,
          aquarium_window_fake, aquarium_view_2b, aquarium_view_2g,
          nicolae_ossuary_entry_catacombs, serial_shops,
          nicolae_shop_hallway_plus
D:5:      layout_rooms, gup_sewer_entry_glass, skrybe_limestone_x, uniq_sigmund
D:6:      layout_basic, grunt_ministairs_5, uniq_pikel
D:7:      layout_rooms, hangedman_abyss_or_decor_lesser_grid,
          hangedman_misty_isle, uniq_menkaure, uniq_maurice, uniq_jeremiah
D:8:      minmay_the_grid_square_5x5_3x3 [minmay_the_grid_square_5x5_n,
          minmay_the_grid_square_5x5_half_checkered,
          minmay_the_grid_square_5x5_trominoes,
          minmay_the_grid_square_5x5_detours,
          minmay_the_grid_square_5x5_megaprize_open,
          minmay_the_grid_square_5x5_inner_v, minmay_the_grid_square_5x5_empty,
          minmay_the_grid_square_5x5_spiral_small,
          minmay_the_grid_square_5x5_shrine2], layout_loops_ring,
          nicolae_uskayaw_en_pointe, zin_purify, serial_shops, shop,
          nicolae_shop_window_shopping, nicolae_shop_tiny_glass, shop
D:9:      kennysheep_steamy, layout_long_grid, lemuel_coloured_pillars_altar
D:10:     layout_basic, hellmonk_lair_entry_icy, minmay_orc_entry_guard_dogs,
          serial_glass, glass_columns_b, glass_columns_c, glass_columns_c,
          glass_columns_a, glass_columns_b, glass_columns_b, minivault_19,
          hellmonk_guarded_unrand_night, uniq_erolcha, uniq_psyche
D:11:     layout_roguey, uniq_sonja
D:12:     layout_loops_corners, serial_co_window_serial, co_window_paths_a,
          co_window_paths_a, co_window_of_opportunity_a, co_window_paths_a,
          co_window_paths_a, co_window_paths_b, co_window_of_opportunity_a,
          co_window_corner_b, co_window_of_opportunity_b, co_window_corner_b,
          co_window_cross_2, co_window_paths_c, co_window_corner_b,
          co_window_4corner_b, uniq_jorgrun, uniq_lodul
Temple:   minmay_temple_bridge_d

Skill      XL: |  1  2  3  4  5  6  7  8  9 10 11 12 |
---------------+-------------------------------------+-----
Dodging        | 2 3 4 5 6 8 |  8.9
Ranged Weapons | 4 5 6 7 8 10 11 12 | 12.6
Armour         | 1 2 3 4 5 6 7 8 |  8.6
Fighting       | 3 4 5 6 7 8 9 |  9.7
Invocations    | 2 |  2.1
Stealth        | |  0.7

Action                     |  1- 3 |  4- 6 |  7- 9 | 10-12 || total
---------------------------+-------+-------+-------+-------++-------
  Melee: Unarmed           |       |       |       |    20 ||    20
   Fire: Sling             |    88 |   238 |   772 |   836 ||  1934
         Orcbow            |       |       |       |   293 ||   293
 Invoke: Heroism           |       |       |       |    11 ||    11
  Evoke: Wand              |       |       |       |     4 ||     4
    Use: Scroll            |     1 |     1 |    18 |     4 ||    24
         Potion            |       |     3 |     5 |    10 ||    18
 Armour: Leather armour    |     5 |    61 |    72 |       ||   138
         Troll leather arm |       |       |    54 |     9 ||    63
         Steam dragon scal |       |       |       |   102 ||   102
         Skin              |       |       |       |    11 ||    11
         Acid dragon scale |       |       |       |   174 ||   174
  Dodge: Dodged            |     5 |    37 |   115 |   310 ||   467

Table legend: (Time is in decaauts)
 A = Elapsed time spent in this place.
 B = Non-inter-level travel time spent in this place.
 C = Inter-level travel time spent in this place.
 D = Time resting spent in this place.
 E = Time spent auto-exploring this place.
 F = Levels seen in this place.
 G = Mean time per level.
                   A        B        C        D        E       F      G
               +--------+--------+--------+--------+--------+-----+--------+
         Total |  13325 |  12346 |    979 |    968 |   8980 |  15 |  888.3 |
       Dungeon |  12331 |  11354 |    977 |    812 |   8409 |  12 | 1027.6 |
        Temple |      3 |      1 |      2 |      0 |      0 |   1 |    3.0 |
         Sewer |    332 |    332 |      0 |      0 |    226 |   1 |  332.0 |
       Ossuary |    657 |    657 |      0 |    156 |    345 |   1 |  657.0 |
               +--------+--------+--------+--------+--------+-----+--------+

Top non-repeatable levels by time:
    D:10: 1561 daAuts
     D:4: 1353 daAuts
    D:11: 1278 daAuts
     D:7: 1105 daAuts
     D:9: 1103 daAuts
     D:6: 1101 daAuts
     D:8: 1038 daAuts
     D:2: 1032 daAuts
     D:3: 916 daAuts
     D:5: 742 daAuts
     D:1: 678 daAuts
 Ossuary: 657 daAuts
    D:12: 420 daAuts
   Sewer: 332 daAuts
  Temple: 3 daAuts
